 Dungeon Crawl Stone Soup version 0.18.1-6-gd335043 (webtiles) character file.

51426 epen the Frost Mage (level 14, -9/116 HPs)
             Began as a Purple Draconian Ice Elementalist on May 15, 2016.
             Was a High Priest of Vehumet.
             Mangled by a minotaur zombie (14 damage)
             ... in a labyrinth.
             The game lasted 01:52:50 (29140 turns).

epen the Frost Mage (DrIE)                         Turns: 29140, Time: 01:52:51

Health: -9/116     AC: 19    Str: 14    XL:     14   Next: 23%
Magic:  29/38      EV: 16    Int: 20    God:    Vehumet [*****.]
Gold:   1047       SH:  0    Dex: 13    Spells: 8 memorised, 4 levels left

rFire  . . .     SeeInvis .     E - +6 dagger of Exquisite Torment {vamp, rC+}
rCold  + . .     Gourm    .     (armour unavailable)
rNeg   . . .     Faith    .     (no shield)
rPois  +         Spirit   .     n - +2 hat {MR+}
rElec  .         Dismiss  .     l - +2 cloak
rCorr  .         Reflect  .     I - +1 pair of gloves "Hiffeg" {rPois MR+ Str+4 Stlth-}
SustAt .         Harm     .     A - +0 pair of boots
MR     +++++                    (no amulet)
Stlth  +.........               Y - ring of magical power
                                K - +3 ring of protection

@: almost entirely resistant to hostile enchantments, very unstealthy
A: breathe power, unfitting armour, magic resistance 1, cold-blooded, AC +8
a: Breathe Dispelling Energy, Renounce Religion


You were in a labyrinth.
You worshipped Vehumet.
Vehumet was extremely pleased with you.
You were not hungry.

You visited 3 branches of the dungeon, and saw 20 of its levels.
You also visited: Labyrinth, Ice Cave and Volcano.

You collected 1327 gold pieces.
You spent 280 gold pieces at shops.

Inventory:

Hand Weapons
 o - a +4 demon whip of draining
 E - the +6 dagger of Exquisite Torment (weapon) {vamp, rC+}
   (You bought it in a shop on level 6 of the Dungeon)

   It inflicts no extra harm, but heals its wielder somewhat when it strikes a
   living foe.
   It protects you from cold.
 V - a +0 blowgun
Missiles
 Q - 9 curare-tipped needles
Armour
 l - a +2 cloak (worn)
 n - a +2 hat of magic resistance (worn)
 A - a +0 pair of boots (worn)
 I - the +1 pair of gloves "Hiffeg" (worn) {rPois MR+ Str+4 Stlth-}
   (You found it in a labyrinth)

   It affects your strength (+4).
   It protects you from poison.
   It affects your resistance to hostile enchantments.
   It makes you less stealthy.
 U - the +0 pair of gloves "Vaivia" {Dex+3}
   (You found it on level 10 of the Dungeon)

   It affects your dexterity (+3).
 Z - a +0 buckler
Jewellery
 j - an uncursed ring of poison resistance
 r - a +4 ring of evasion
 w - an uncursed ring of protection from fire
 J - an uncursed ring of resist corrosion
 K - a +3 ring of protection (left hand)
 S - an uncursed ring of protection from cold
 Y - a ring of magical power (right hand)
Wands
 a - a wand of teleportation (3/9)
 c - a wand of hasting (0/9)
 k - a wand of teleportation (3/9)
 u - a wand of digging (11/24)
Scrolls
 d - 2 scrolls of identify
 m - 2 scrolls of noise
 y - a scroll of amnesia
 z - a scroll of fear
 F - 3 scrolls of blinking
 H - 2 scrolls of recharging
 M - a scroll of teleportation
 N - 6 scrolls of remove curse
 T - 2 scrolls of enchant armour
 W - a scroll of enchant weapon
Potions
 e - 6 potions of agility
 f - 5 potions of ambrosia
 g - 4 potions of flight
 h - 7 potions of curing
 p - 3 potions of brilliance
 q - 4 potions of might
 x - 4 potions of resistance
 B - 3 potions of cure mutation
 D - 2 potions of magic
 O - 2 potions of haste
Books
 t - a book of Callings

   Spells                             Type                      Level
   a - Summon Small Mammal            Summoning                    1
   b - Call Imp                       Summoning                    2
   c - Call Canine Familiar           Summoning                    3
   d - Summon Guardian Golem          Hexes/Summoning              3
   e - Summon Lightning Spire         Summoning/Air                4
   f - Summon Ice Beast               Ice/Summoning                4
 C - the Handbook of Monotheism
   (You found it on level 7 of the Dungeon)

   Spells                             Type                      Level
   a - Pain                           Necromancy                   1
   b - Bolt of Draining               Conjuration/Necromancy       5
   c - Summon Forest                  Summoning/Translocation      5
   d - Death Channel                  Necromancy                   6
 R - a book of Unlife

   Spells                             Type                      Level
   a - Recall                         Summoning/Translocation      3
   b - Animate Dead                   Necromancy                   4
   c - Control Undead                 Necromancy                   4
   d - Cigotuvi's Embrace             Necromancy                   5
   e - Death Channel                  Necromancy                   6
   f - Simulacrum                     Ice/Necromancy               6
 X - a book of the Sky

   Spells                             Type                      Level
   a - Summon Lightning Spire         Summoning/Air                4
   b - Airstrike                      Air                          4
   c - Silence                        Hexes/Air                    5
   d - Deflect Missiles               Charms/Air                   6
   e - Conjure Ball Lightning         Conjuration/Air              6
   f - Tornado                        Air                          9
Miscellaneous
 G - a lamp of fire (inert)
Comestibles
 b - 15 bread rations
 i - 3 meat rations
 s - 2 chunks of flesh
 v - 2 fruits
 L - 3 beef jerkies


   Skills:
 + Level 8.5 Fighting
 + Level 8.6 Dodging
 - Level 3.4 Stealth
 + Level 1.7 Shields
 + Level 11.6 Spellcasting
 + Level 11.2 Conjurations
 - Level 6.9 Charms
 * Level 4.1 Necromancy
 * Level 13.0 Ice Magic
 - Level 1.3 Air Magic
 + Level 5.4 Evocations


You had 4 spell levels left.
You knew the following spells:

 Your Spells              Type           Power        Failure   Level  Hunger
a - Freeze                Ice            ####         1%          1    None
b - Throw Frost           Conj/Ice       ######       1%          2    None
c - Ozocubu's Armour      Chrm/Ice       ######..     1%          3    None
d - Throw Icicle          Conj/Ice       ######..     1%          4    #......
e - Summon Ice Beast      Ice/Summ       #####...     6%          4    #......
f - Bolt of Cold          Conj/Ice       ######....   2%          6    ######.
g - Simulacrum            Ice/Necr       #####.....   28%         6    ######.
h - Deflect Missiles      Chrm/Air       ####......   98%         6    ######.


Dungeon Overview and Level Annotations

Branches:
Dungeon (11/15)            Temple (1/1) D:6            Lair (8/8) D:9
  Swamp (0/4) Lair:5        Snake (0/4) Lair:5        Slime (0/6) Lair:6
    Orc: D:9-12

Altars:
Ashenzari
Cheibriados
Dithmenos
Elyvilon
Fedhas
Gozag
Kikubaaqudgha
Nemelex Xobeh
Pakellas
Ru
Trog
Vehumet
Yredelemnul
The Shining One

Shops:
D:6 (   D:8 %??=

Annotations:
Lair:2 exclusion: oklob plant


Innate Abilities, Weirdness & Mutations

You can breathe bolts of dispelling energy.
Your rich purple scales are hard (AC +8).
Your body does not fit into most forms of armour.
You are cold-blooded and may be slowed by cold attacks.
You are resistant to hostile enchantments.


Message History

The minotaur zombie gores you but does no damage.
You puncture the minotaur zombie!
The minotaur zombie hits you but does no damage.
The minotaur zombie gores you but does no damage.
You hit the minotaur zombie. The minotaur zombie barely misses you.
The minotaur zombie gores you but does no damage.
You hit the minotaur zombie. You hit the minotaur zombie.
You tail-slap the minotaur zombie.
The minotaur zombie completely misses you.
The minotaur zombie gores you.
You hit the minotaur zombie. The minotaur zombie misses you.
The minotaur zombie gores you.
You barely miss the minotaur zombie. The minotaur zombie hits you!
* * * LOW HITPOINT WARNING * * *
The minotaur zombie gores you!
* * * LOW HITPOINT WARNING * * *
You puncture the minotaur zombie! The minotaur zombie hits you!!
* * * LOW HITPOINT WARNING * * *
The minotaur zombie gores you!
You die...

# .. .
# # ..
# #
### #.
.# #.#
.
###Z##
# ..
..
#..@.#
#
+⌠...#
.
#!."⌠+
. .
#.<..#
# .
###'##
# ###
#.#
... .
#.##
#'# #.
#. .
... .
.. #.
# ###
.# # #


You could see a minotaur zombie.

Vanquished Creatures
  A minotaur (Lab)
  5 hydras
  An ice dragon (Lair:8)
  An ogre mage (Volcano)
  A catoblepas (Lair:8)
  Erolcha (D:8)
  Urug (Lair:3)
  Sonja (Lair:3)
  Pikel (D:5)
  3 hill giants
  A lindwurm (Lair:5)
  2 ice statues (IceCv)
  4 elephants (Lair:3)
  Joseph (D:10)
  10 spiny frogs
  4 black mambas
  Psyche (D:8)
  2 gargoyles (Lab)
  5 komodo dragons
  A rime drake (Lair:6)
  8 ice devils (IceCv)
  2 two-headed ogres (Volcano)
  2 polar bears (Lair:8)
  2 boulder beetles (Lair:7)
  11 blink frogs
  3 redbacks (Lair:8)
  2 spriggans (Lair:8)
  5 orc warriors
  29 yaks
  A shadow (Lab)
  A basilisk (Lair:8)
  Grum (D:8)
  The ghost of inmateoo the Ruffian, an amateur DrTm (D:3)
  6 hippogriffs
  3 nagas (Lair:5)
  Edmund (D:5)
  4 swamp worms (Lair:7)
  14 water moccasins
  12 porcupines
  Duvessa (D:5)
  A necrophage (D:10)
  2 ice beasts
  A slave (D:6)
  A wasp (Lair:8)
  8 ogres
  3 phantoms
  4 black bears
  37 wolves
  6 centaurs
  An eye of draining (D:9)
  13 crocodiles
  A gnoll sergeant (D:4)
  19 giant frogs
  Dowan (D:5)
  A wyvern skeleton (D:6)
  2 scorpions
  2 wights (D:10)
  5 killer bees (D:9)
  2 howler monkeys (D:8)
  2 electric eels (Lair:8)
  3 crimson imps
  2 wasp zombies
  A giant frog skeleton (D:7)
  7 jellies
  7 orc wizards
  9 orc priests
  5 hounds
  10 iguanas
  4 worker ants
  6 sheep
  A hound skeleton (D:10)
  A hound zombie (D:8)
  A worker ant zombie (D:10)
  5 gnolls (D:5)
  40 river rats
  14 adders
  2 shadow imps
  6 white imps (IceCv)
  5 ufetubi (IceCv)
  6 oozes
  An adder skeleton (D:9)
  An adder zombie (D:8)
  16 worms
  3 giant geckos
  44 orcs
  6 giant cockroaches
  8 hobgoblins
  24 jackals
  11 kobolds
  4 quokkas
  3 bats
  3 giant gecko skeletons
  8 giant newts
  4 goblins
  A quokka zombie (D:7)
  9 rats
  A plant (Lair:7)
550 creatures vanquished.

Vanquished Creatures (collateral kills)
  Snorg (Lair:3)
  2 hydras
  A catoblepas (Lair:5)
  An unseen horror (D:10)
  A black mamba (Lair:3)
  2 spiny frogs (Lair:8)
  2 komodo dragons
  A spriggan druid (Lair:8)
  2 polar bears (Lair:8)
  A two-headed ogre (Volcano)
  12 blink frogs
  A redback (Lair:8)
  4 spriggans (Lair:8)
  17 yaks
  2 basilisks
  2 hippogriffs
  A hungry ghost (D:9)
  A naga (Lair:5)
  A swamp worm (Lair:7)
  2 water moccasins
  2 porcupines
  A wasp (Lair:8)
  9 wolves
  3 crocodiles
  A giant frog (Lair:5)
  4 wights (D:10)
  A howler monkey (D:8)
  2 hounds (D:8)
  Crazy Yiuf (D:7)
  3 sheep (Lair:4)
  24 river rats
  An orc (D:10)
109 creatures vanquished.

Vanquished Creatures (others)
  A komodo dragon (Lair:6)
  2 blink frogs (Lair:6)
  A slave (D:6)
  A porcupine (Lair:6)
  A howler monkey (D:8)
  An orc priest (D:6)
  An orc wizard (D:6)
  2 white imps (IceCv)
  4 ufetubi (IceCv)
  An orc (D:6)
  A bush (Lair:7)
  29 fungi
  7 plants
52 creatures vanquished.

Grand Total: 711 creatures vanquished

Notes
Turn   | Place    | Note
--------------------------------------------------------------
     0 | D:1      | epen the Draconian Ice Elementalist began the quest for the Orb.
     0 | D:1      | Reached XP level 1. HP: 14/14 MP: 3/3
   335 | D:1      | Reached XP level 2. HP: 2/20 MP: 0/5
   639 | D:1      | Learned a level 2 spell: Throw Frost
  1330 | D:2      | Reached XP level 3. HP: 26/26 MP: 1/7
  1426 | D:2      | Learned a level 3 spell: Ozocubu's Armour
  2004 | D:3      | Noticed inmateoo's ghost (amateur DrTm)
  2058 | D:3      | Reached XP level 4. HP: 25/33 MP: 1/8
  2186 | D:3      | Found a shadowy altar of Dithmenos.
  2452 | D:3      | Killed inmateoo's ghost
  2452 | D:3      | Reached skill level 4 in Ice Magic
  2452 | D:3      | Reached XP level 5. HP: 15/38 MP: 0/10
  2865 | D:3      | Reached XP level 6. HP: 39/45 MP: 4/11
  3184 | D:3      | Learned a level 4 spell: Throw Icicle
  3231 | D:4      | Got an iridescent quarterstaff
  3232 | D:4      | Identified the cursed +1 quarterstaff of Spite {crush, rElec MP-9 Dex+8 Stlth+} (You found it on level 4 of the Dungeon)
  4311 | D:5      | Entered Level 5 of the Dungeon
  4526 | D:5      | Noticed Duvessa
  4541 | D:5      | Killed Duvessa
  4541 | D:5      | Reached skill level 5 in Ice Magic
  4541 | D:5      | Your scales start taking on a rich purple colour.
  4541 | D:5      | Reached skill level 5 in Spellcasting
  4541 | D:5      | Reached XP level 7. HP: 40/50 MP: 4/14
  4542 | D:5      | Noticed Dowan
  4654 | D:5      | Killed Dowan
  4950 | D:5      | Noticed Edmund
  4960 | D:5      | Killed Edmund
  5149 | D:5      | Found a white marble altar of Elyvilon.
  5179 | D:5      | Found a basalt altar of Yredelemnul.
  5926 | D:6      | Reached XP level 8. HP: 57/57 MP: 13/17
  5931 | D:6      | Noticed Pikel
  6206 | D:5      | Killed Pikel
  6206 | D:5      | Reached skill level 6 in Ice Magic
  6492 | D:6      | Found a snail-covered altar of Cheibriados.
  6545 | D:6      | Reached skill level 5 in Conjurations
  6761 | D:6      | Found a staircase to the Ecumenical Temple.
  6775 | Temple   | Entered the Ecumenical Temple
  6871 | Temple   | Became a worshipper of Vehumet
  7053 | D:6      | Reached XP level 9. HP: 61/62 MP: 18/20
  7126 | D:6      | Found Hicwular's Antique Weapon Shoppe.
  7131 | D:6      | Bought a fine dagger for 175 gold pieces
  7566 | D:7      | Got a faintly glowing shield
  7641 | D:7      | Reached skill level 7 in Ice Magic
  7661 | D:7      | Identified the +3 shield of Ashenzari {rElec} (You took it off an orc priest on level 7 of the Dungeon)
  7692 | D:7      | Identified the Handbook of Monotheism
  7700 | D:7      | Reached * piety under Vehumet
  7700 | D:7      | Offered knowledge of Sting by Vehumet.
  7807 | D:7      | Learned a level 4 spell: Summon Ice Beast
  8051 | D:7      | Noticed Crazy Yiuf
  8058 | D:7      | Killed Crazy Yiuf
  8609 | D:8      | Reached skill level 1 in Fighting
  8609 | D:8      | Reached skill level 5 in Dodging
  8868 | D:8      | Found a shattered altar of Ashenzari.
  8955 | D:8      | Found Canal's Food Shop.
  8959 | D:8      | Noticed Erolcha
  9061 | D:8      | Found Nawup's Magic Scroll Boutique.
  9065 | D:8      | Reached skill level 8 in Ice Magic
  9084 | D:8      | Bought a scroll of blinking for 105 gold pieces
  9084 | D:8      | Found a sacrificial altar of Ru.
  9261 | D:8      | Noticed Psyche
  9275 | D:8      | Killed Psyche
  9287 | D:8      | Noticed Grum
  9322 | D:8      | Killed Grum
  9322 | D:8      | Reached XP level 10. HP: 17/73 MP: 0/22
  9669 | D:8      | Found Cawededi's Magic Scroll Emporium.
  9673 | D:8      | Reached ** piety under Vehumet
  9787 | D:8      | Found Mixim's Jewellery Shoppe.
  9885 | D:8      | Found a blossoming altar of Fedhas.
  9895 | D:8      | Offered knowledge of Sandblast by Vehumet.
 10964 | D:9      | Found a glowing golden altar of the Shining One.
 11418 | D:9      | Found a staircase to the Lair.
 11500 | D:9      | Gained mutation: You are resistant to hostile enchantments. [potion of beneficial mutation]
 11501 | D:9      | Identified the +6 dagger of Exquisite Torment {vamp, rC+} (You bought it in a shop on level 6 of the Dungeon)
 11615 | D:9      | Reached skill level 9 in Ice Magic
 11628 | D:9      | Offered knowledge of Searing Ray by Vehumet.
 11839 | D:9      | Found an opulent altar of Gozag.
 11839 | D:9      | Found a bloodstained altar of Trog.
 12089 | D:9      | Reached *** piety under Vehumet
 12270 | D:10     | Entered Level 10 of the Dungeon
 12357 | D:10     | Noticed a hill giant
 12380 | D:10     | Killed a hill giant
 12380 | D:10     | Reached XP level 11. HP: 78/84 MP: 2/24
 12506 | D:10     | Noticed Joseph
 12525 | D:10     | Killed Joseph
 12534 | D:10     | Got a pair of shimmering gloves
 12540 | D:10     | Identified the +0 pair of gloves "Vaivia" {Dex+3} (You found it on level 10 of the Dungeon)
 12629 | D:10     | Noticed a hill giant
 12636 | D:10     | Killed a hill giant
 12688 | D:10     | Offered knowledge of Static Discharge by Vehumet.
 13371 | Lair:1   | Entered Level 1 of the Lair of Beasts
 13448 | Lair:1   | Reached **** piety under Vehumet
 13465 | Lair:1   | Offered knowledge of Iskenderun's Mystic Blast by Vehumet.
 13885 | Lair:1   | Noticed a seven-headed hydra
 13898 | Lair:1   | Killed a seven-headed hydra
 13898 | Lair:1   | Reached skill level 5 in Fighting
 14252 | Lair:2   | Noticed an oklob plant
 14302 | Lair:2   | Reached skill level 10 in Ice Magic
 14325 | Lair:2   | Noticed a six-headed hydra
 14348 | Lair:2   | Killed a six-headed hydra
 14474 | Lair:2   | Reached skill level 1 in Charms
 15197 | Lair:2   | Reached skill level 10 in Spellcasting
 16001 | Lair:2   | Identified a scroll of acquirement
 16194 | Lair:3   | Reached skill level 10 in Conjurations
 16230 | Lair:3   | Reached XP level 12. HP: 86/95 MP: 8/26
 16808 | Lair:3   | Noticed Urug
 16850 | Lair:3   | Killed Urug
 17069 | Lair:3   | Reached skill level 1 in Evocations
 17079 | Lair:3   | Reached skill level 11 in Ice Magic
 17120 | Lair:3   | Noticed Sonja
 17179 | Lair:3   | Noticed Snorg
 17186 | Lair:3   | Killed Sonja
 17237 | Lair:3   | Killed Snorg
 17857 | Lair:4   | Noticed an eight-headed hydra
 17866 | Lair:4   | Killed an eight-headed hydra
 17992 | Lair:4   | Reached ***** piety under Vehumet
 18007 | Lair:4   | Offered knowledge of Bolt of Cold by Vehumet.
 18040 | Lair:4   | Learned a level 6 spell: Bolt of Cold
 19186 | Lair:5   | Found a dark tunnel.
 19238 | Volcano  | Entered a volcano
 19415 | Volcano  | Noticed an ogre mage
 19418 | Volcano  | Killed an ogre mage
 19765 | Lair:5   | Found a staircase to the Snake Pit.
 19806 | Lair:5   | Reached skill level 5 in Charms
 19949 | Lair:5   | Noticed a six-headed hydra
 19958 | Lair:5   | Killed a six-headed hydra
 20017 | Lair:5   | Reached XP level 13. HP: 98/105 MP: 3/27
 20330 | Lair:5   | Reached skill level 12 in Ice Magic
 20435 | Lair:5   | Offered knowledge of Olgreb's Toxic Radiance by Vehumet.
 20464 | Lair:5   | Found a staircase to the Swamp.
 21495 | Lair:6   | Found a staircase to the Slime Pits.
 22427 | Lair:7   | Learned a level 6 spell: Simulacrum
 22747 | Lair:7   | Learned a level 6 spell: Deflect Missiles
 22903 | Lair:7   | Reached skill level 1 in Necromancy
 23956 | Lair:8   | Entered Level 8 of the Lair of Beasts
 23997 | Lair:8   | Found a frozen archway.
 24052 | Lair:8   | HP: 3/107 [polar bear (18)]
 24052 | Lair:8   | HP: 1/107 [polar bear (2)]
 24212 | IceCv    | Entered an ice cave
 25112 | IceCv    | Reached skill level 5 in Evocations
 26016 | Lair:8   | Reached skill level 1 in Air Magic
 26883 | Lair:8   | Reached XP level 14. HP: 116/116 MP: 29/29
 27614 | Lair:8   | Offered knowledge of Venom Bolt by Vehumet.
 27890 | Lair:3   | Reached skill level 1 in Shields
 28739 | D:8      | Killed Erolcha
 28819 | D:11     | Found a labyrinth entrance.
 28832 | Lab      | Entered a labyrinth
 29033 | Lab      | Reached skill level 13 in Ice Magic
 29110 | Lab      | Got a pair of translucent gloves
 29122 | Lab      | Identified the +1 pair of gloves "Hiffeg" {rPois MR+ Str+4 Stlth-} (You found it in a labyrinth)
 29140 | Lab      | HP: 5/116 [minotaur zombie (21)]
 29140 | Lab      | Mangled by a minotaur zombie

Skill      XL: |  1  2  3  4  5  6  7  8  9 10 11 12 13 14 |
---------------+-------------------------------------------+-----
Dodging        | 2 3 4 5 6 7 8 |  8.6
Stealth        | 2 3 |  3.4
Spellcasting   | 3 5 6 7 8 9 10 11 | 11.6
Conjurations   | 2 3 4 5 7 8 10 11 | 11.2
Ice Magic      | 4 5 6 8 9 10 11 12 13 | 13.0
Fighting       | 2 4 5 7 8 |  8.5
Charms         | 2 5 6 |  6.9
Evocations     | 3 5 |  5.4
Necromancy     | 3 4 |  4.1
Air Magic      | 1 |  1.3
Shields        | 1 |  1.7

Action                   |  1- 3 |  4- 6 |  7- 9 | 10-12 | 13-15 || total
-------------------------+-------+-------+-------+-------+-------++-------
Melee: Unarmed           |   149 |   274 |    59 |       |       ||   482
       Tailslap          |    15 |    29 |    26 |    62 |    51 ||   183
       Quarterstaff      |       |    15 |       |       |       ||    15
       Whip              |       |       |   196 |    18 |       ||   214
       Dagger            |       |       |       |   491 |   369 ||   860
 Fire: Blowgun           |       |       |       |     5 |       ||     5
 Cast: Freeze            |    34 |    84 |   211 |   206 |   148 ||   683
       Throw Frost       |     4 |     5 |    17 |   218 |    65 ||   309
       Throw Icicle      |       |     2 |     9 |    46 |   225 ||   282
       Ozocubu's Armour  |       |     1 |     7 |    18 |     4 ||    30
       Summon Ice Beast  |       |       |     8 |    89 |    80 ||   177
       Bolt of Cold      |       |       |       |    13 |    28 ||    41
 Abil: Breathe Dispellin |       |       |     9 |     7 |    12 ||    28
Evoke: Wand              |       |       |     2 |     2 |     1 ||     5
       Lamp of fire      |       |       |       |       |     1 ||     1
  Use: Scroll            |       |    11 |     1 |    23 |     6 ||    41
       Potion            |       |       |       |     6 |     4 ||    10
 Stab: Sleeping          |     2 |     2 |     2 |     1 |       ||     7
       Distracted        |       |     1 |     1 |     3 |     2 ||     7
       Confused          |       |       |       |     1 |       ||     1
  Eat: Chunk             |     4 |     7 |    14 |    35 |    34 ||    94
       Beef jerky        |       |     1 |       |     2 |     5 ||     8
       Meat ration       |       |       |     1 |     2 |       ||     3
       Fruit             |       |       |     1 |     5 |       ||     6
       Pizza             |       |       |       |     3 |     2 ||     5
       Bread ration      |       |       |       |       |     1 ||     1
Armor: Skin              |    51 |    71 |    95 |   208 |   207 ||   632
Dodge: Dodged            |   118 |   279 |   340 |   809 |   777 ||  2323
Block: Buckler           |       |       |       |       |     4 ||     4
